 Dungeon Crawl Stone Soup version 0.16.2-12-gd0ad4c3 (webtiles) character file.

53 Ijustatesigmund the Sneak (level 3, -5/21 HPs)
             Began as an Octopode Wizard on Oct 21, 2015.
             Slain by Sigmund
             ... wielding a +0 scythe
              (10 damage)
             ... on level 3 of the Dungeon.
             The game lasted 00:09:05 (2173 turns).

Ijustatesigmund the Sneak (Octopode Wizard)         Turns: 2173, Time: 00:09:05

Health: -5/21      AC:  1    Str:  6    XL:     3   Next: 89%
Magic:  5/7        EV: 12    Int: 21    God:
Gold:   17         SH:  0    Dex: 12    Spells: 4 memorised, 0 levels left

rFire  . . .     SeeInvis .     (no weapon)
rCold  . . .     Clarity  .     (no shield)
rNeg   . . .     SustAb   .     b - +0 hat
rPois  .         Gourm    .     (no amulet)
rElec  .         Spirit   .     e - +2 ring of dexterity
rCorr  .         Warding  .     (no ring)
rMut   .         Stasis   .     (no ring)
MR     .....                    (no ring)
Stlth  ++++......               (no ring)
                                (no ring)
                                (no ring)
                                (no ring)

@: very slightly contaminated, invisible (expiring), not resistant to hostile
enchantments, stealthy
A: almost no armour, amphibious, 8 rings, constrict 8, camouflage 1, gelatinous
body 1
a: no special abilities


You were on level 3 of the Dungeon.
You were not hungry.

You visited 1 branch of the dungeon, and saw 3 of its levels.

You collected 17 gold pieces.

Inventory:

Armour
 b - a +0 hat (worn)
Jewellery
 e - a +2 ring of dexterity (left tentacle)
Scrolls
 a - a scroll of remove curse
 f - a scroll of teleportation
 i - a scroll of magic mapping {unknown}
Books
 c - a book of Minor Magic

   Spells                             Type                      Level
   a - Magic Dart                     Conjuration                  1
   b - Blink                          Translocation                2
   c - Call Imp                       Summoning                    2
   d - Repel Missiles                 Charms/Air                   2
   e - Slow                           Hexes                        2
   f - Conjure Flame                  Conjuration/Fire             3
   g - Mephitic Cloud                 Conjuration/Poison/Air       3
Comestibles
 d - 2 bread rations
 g - 3 fruits
 j - a meat ration


   Skills:
 - Level 2.0 Dodging
 - Level 4.0 Stealth
 - Level 3.0 Spellcasting
 + Level 2.0 Conjurations
   Level 1.0 Summonings
 + Level 2.2 Translocations
 + Level 0.0 Air Magic
 + Level 0.0 Poison Magic


You couldn't memorise any spells.
You knew the following spells:

 Your Spells              Type           Power        Failure   Level  Hunger
a - Magic Dart            Conj           ##..         8%          1    None
b - Blink                 Tloc           N/A          12%         2    ##.....
c - Mephitic Cloud        Conj/Pois/Air  #.......     34%         3    ###....
d - Repel Missiles        Chrm/Air       #.....       21%         2    ##.....


Dungeon Overview and Level Annotations

Branches:
Dungeon (3/15)

Altars:
Ashenzari
Kikubaaqudgha
Sif Muna

Annotations:
D:2 Terence
D:3 Robin, Sigmund


Innate Abilities, Weirdness & Mutations

You cannot wear most types of armour.
You are amphibious.
You can wear up to eight rings at the same time.
You can use your tentacles to constrict many enemies at once.
Your skin changes colour to match your surroundings (Stealth).
Your rubbery body absorbs attacks (AC +1).


Message History

You completely miss Sigmund.
Sigmund is moderately wounded.
You constrict Sigmund.
You tentacle-slap Sigmund but do no damage.
Sigmund is moderately wounded.
You constrict Sigmund. Sigmund closely misses you.
You tentacle-slap Sigmund but do no damage.
Sigmund is moderately wounded.
You constrict Sigmund. Sigmund misses you.
You tentacle-slap Sigmund.
Sigmund is heavily wounded.
You constrict Sigmund. You tentacle-slap Sigmund.
Sigmund is severely wounded.
You flicker for a moment.
You constrict Sigmund. Sigmund misses you.
You barely miss Sigmund.
Sigmund is severely wounded.
You constrict Sigmund. Sigmund hits you with a scythe!
You die...

#########.# ........#
# #.# ..........
######### #.#
#.........# ........#
#.# #.....@..)
#######.# #.#
........ # #.# #.#
..... # #.# #.# ###
#..# # #.# #.# ##@##
#..#
#.###.####@#.#####..#
#................)..#
#####........######.#
######.......@..#
############


You could see Sigmund.

Vanquished Creatures
  2 adders
  An orc (D:3)
  2 giant cockroaches
  10 goblins
  5 hobgoblins
  A jackal (D:3)
  A quokka (D:3)
  5 bats
  3 giant newts
  2 kobolds (D:3)
  4 rats
36 creatures vanquished.

Notes
Turn   | Place    | Note
--------------------------------------------------------------
     0 | D:1      | Ijustatesigmund, the Octopode Wizard, began the quest for the Orb.
     0 | D:1      | Reached XP level 1. HP: 11/11 MP: 4/4
   366 | D:1      | Reached XP level 2. HP: 17/17 MP: 3/6
   370 | D:1      | Learned a level 2 spell: Blink
   933 | D:2      | Found an ancient bone altar of Kikubaaqudgha.
   933 | D:2      | Noticed Terence
  1062 | D:3      | Noticed Robin
  1092 | D:3      | Found a shattered altar of Ashenzari.
  1124 | D:3      | Reached XP level 3. HP: 17/21 MP: 3/7
  1564 | D:2      | Reached skill level 4 in Stealth
  2006 | D:3      | Learned a level 3 spell: Mephitic Cloud
  2009 | D:3      | Learned a level 2 spell: Repel Missiles
  2030 | D:3      | Found a deep blue altar of Sif Muna.
  2140 | D:3      | Noticed Sigmund
  2173 | D:3      | Slain by Sigmund

Action                   || total
-------------------------++-------
Melee: Unarmed           ||    40
 Cast: Magic Dart        ||    77
       Blink             ||     2
       Mephitic Cloud    ||     1
  Use: Scroll            ||     3
       Potion            ||     2
 Stab: Sleeping          ||     1
       Invisible         ||     1
  Eat: Chunk             ||     3
       Fruit             ||     1
